 Dungeon Crawl Stone Soup version 0.20.1-1-g8b1a95d (webtiles) character file.

25808 camposddc the Severer (level 12, -6/112 HPs)
             Began as a Minotaur Fighter on Oct 26, 2017.
             Was a High Priest of Okawaru.
             Mangled by Snorg (15 damage)
             ... on level 5 of the Lair of Beasts on Oct 27, 2017.
             The game lasted 01:32:57 (14257 turns).

camposddc the Severer (Minotaur Fighter)           Turns: 14257, Time: 01:32:57

Health: -6/112     AC: 27    Str: 20      XL:     12   Next: 92%
Magic:  9/11       EV: 15    Int:  2 (3)  God:    Okawaru [*****.]
Gold:   1064       SH:  3    Dex: 14 (16) Spells: 11/11 levels left

rFire    + + .     SeeInvis .   Y - +2 dire flail (crush)
rCold    . . .     Gourm    .   (shield currently unavailable)
rNeg     . . .     Faith    .   d - +6 chain mail {MR+}
rPois    +         Spirit   .   u - +2 hat
rElec    +         Reflect  +   (no cloak)
rCorr    +         Harm     .   S - +0 pair of gloves
MR       +....                  (no boots)
Stlth    ..........             m - +3 amulet of reflection
Regen    0.3/turn               g - +4 ring of protection
MPRegen  0.2/turn               s - ring of fire

@: about to teleport, resistant, heroism
A: retaliatory headbutt, horns 2, thin skeletal structure 1, deterioration 1,
dopey 1, weak 1
a: Heroism, Finesse, Renounce Religion


You were on level 5 of the Lair of Beasts.
You worshipped Okawaru.
Okawaru was extremely pleased with you.
You were hungry.

You visited 3 branches of the dungeon, and saw 15 of its levels.

You collected 1064 gold pieces.

Inventory:

Hand Weapons
 v - a +3 hand axe of freezing
 B - a +0 great mace of venom
 U - a +2 great mace of holy wrath
 V - a +3 mace of draining
 X - a +0 great mace of draining
 Y - a +2 dire flail of crushing (weapon)
Armour
 d - a +6 chain mail of magic resistance (worn)
 u - a +2 hat (worn)
 y - a +0 shield
 K - a +3 leather armour of poison resistance
 N - a +2 ring mail of cold resistance
 S - a +0 pair of gloves (worn)
Jewellery
 g - a +4 ring of protection (left hand)
 k - an uncursed amulet of harm
 m - a +3 amulet of reflection (around neck)
 s - a ring of fire (right hand)
Wands
 l - a wand of confusion (30/48)
 F - a wand of polymorph (22/24)
 G - a wand of paralysis (10/24)
 J - a wand of random effects (29/48)
 M - a wand of lightning (5/15)
 T - a wand of iceblast (5/15)
Scrolls
 a - a scroll of silence {unknown}
 e - 3 scrolls of amnesia
 r - 2 scrolls of magic mapping
 x - a scroll of noise
 C - 2 scrolls of identify
 D - a scroll of teleportation
 E - a scroll of fear {unknown}
 O - a scroll of random uselessness {unknown}
 P - a scroll of remove curse
 Z - a scroll of acquirement {unknown}
Potions
 b - 5 potions of curing
 c - 2 potions of cancellation
 n - 2 potions of berserk rage {unknown}
 o - 2 potions of heal wounds
 p - 2 potions of lignification
 t - 3 potions of haste {unknown}
 z - a potion of brilliance
 A - 2 potions of flight
 L - a potion of degeneration {unknown}
 Q - a potion of invisibility {unknown}
Books
 j - a book of Maledictions

   Spells                             Type                      Level
   a - Corona                         Hexes                        1
   b - Ensorcelled Hibernation        Hexes/Ice                    2
   c - Confuse                        Hexes                        3
   d - Tukima's Dance                 Hexes                        3
   e - Dazzling Spray                 Conjuration/Hexes            3
 q - a book of Callings

   Spells                             Type                      Level
   a - Summon Small Mammal            Summoning                    1
   b - Call Imp                       Summoning                    2
   c - Call Canine Familiar           Summoning                    3
   d - Summon Guardian Golem          Hexes/Summoning              3
   e - Summon Lightning Spire         Summoning/Air                4
   f - Summon Ice Beast               Ice/Summoning                4
 I - a book of Conjurations

   Spells                             Type                      Level
   a - Magic Dart                     Conjuration                  1
   b - Searing Ray                    Conjuration                  2
   c - Dazzling Spray                 Conjuration/Hexes            3
   d - Fulminant Prism                Conjuration/Hexes            4
   e - Force Lance                    Conjuration/Translocation    4
   f - Iskenderun's Mystic Blast      Conjuration                  4
 W - a book of Clouds

   Spells                             Type                      Level
   a - Poisonous Vapours              Poison/Air                   2
   b - Mephitic Cloud                 Conjuration/Poison/Air       3
   c - Conjure Flame                  Conjuration/Fire             3
   d - Freezing Cloud                 Conjuration/Ice/Air          6
   e - Ring of Flames                 Charms/Fire                  7
Comestibles
 f - 9 bread rations
 h - 18 royal jellies
 i - 13 meat rations
 R - 16 fruits


   Skills:
 - Level 12.0(17.0) Fighting
 - Level 15.7(21.2) Axes
 + Level 7.2(17.5) Maces & Flails
 - Level 12.0(17.0) Armour
 + Level 6.9(11.9) Dodging
 + Level 7.5(12.5) Shields


You had 11 spell levels left.
You didn't know any spells.

Dungeon Overview and Level Annotations

Branches:
Dungeon (8/15)             Temple (0/1) D:4            Lair (6/6) D:8
  Swamp (1/4) Lair:3        Snake (0/4) Lair:4
  Slime: Lair:5-6

Altars:
Gozag
Kikubaaqudgha
Makhleb
Okawaru
Ru
Xom
Yredelemnul

Shops:
D:6 =

Portals:
Ice
Cave: Swamp:1

Annotations:
Lair:4 exclusion: oklob plant
Lair:5 Snorg


Innate Abilities, Weirdness & Mutations

You reflexively headbutt those who attack you in melee.
You have a pair of horns on your head.
You have a somewhat thin skeletal structure. (Dex +2, Stealth)
Your body sometimes deteriorates upon taking damage.
You are dopey. (Int -2)
You are weak. (Str -2)


Message History

Snorg claws you but does no damage. Snorg completely misses you.
The spiny frog closely misses you. Snorg bites you but does no damage.
Snorg barely misses you. Snorg claws you but does no damage.
The polar bear misses you. The polar bear closely misses you.
The polar bear claws you but does no damage.
You closely miss Snorg. You barely miss Snorg. Snorg bites you!!
* * * LOW HITPOINT WARNING * * *
Snorg closely misses you. x2; The spiny frog stings you!
* * * LOW HITPOINT WARNING * * *
Your body deteriorates!
You feel clumsy. The polar bear bites you.
* * * LOW HITPOINT WARNING * * *
The polar bear closely misses you. You block the polar bear's attack.
As you read the scroll of teleportation, it crumbles to dust.
You feel strangely unstable. Snorg bites you.
* * * LOW HITPOINT WARNING * * *
Snorg closely misses you. Snorg claws you!
You die...
Xom guffaws!

.....P## #...#....##.##
.......###...........#
.....##.#............##
.....#................#
....#.................##
....##.................#
P.###..................#
### ##.........h......P#
# ##..........@......##
## #...........FT.....P#
.# ##..........>......P#
## ##.................#
.## ##...............##
..# ##...............#
#.# #.#.............###
### #.#...............#
.## ####.............##


You could see Snorg (berserk), a polar bear and a spiny frog.

Vanquished Creatures
  Rupert (Lair:5)
  2 hydras
  Harold (Lair:1)
  A two-headed ogre (D:8)
  A lindwurm (Lair:3)
  A deep elf mage (D:7)
  6 elephants (Lair:5)
  2 black mambas
  5 spiny frogs
  8 komodo dragons
  2 polar bears
  4 blink frogs
  2 slime creatures (Lair:3)
  A hornet (Lair:5)
  7 hippogriffs
  The ghost of Irenicus the Slicer, an amateur KoMo (D:4)
  15 yaks
  A wyvern (Lair:2)
  A basilisk (Lair:5)
  A hungry ghost (D:7)
  Menkaure (D:7)
  2 swamp worms
  7 water moccasins
  16 porcupines
  2 sky beasts (D:7)
  2 phantoms (D:8)
  An ice beast (D:8)
  6 ogres
  4 wolves (Lair:3)
  2 centaurs (D:8)
  15 crocodiles
  Blork the orc (D:5)
  13 bullfrogs
  A gnoll sergeant (D:7)
  A scorpion (D:8)
  3 killer bees (D:3)
  9 wights
  2 electric eels (Lair:5)
  4 howler monkeys (D:7)
  2 crimson imps
  3 jellies (D:8)
  4 orc priests
  A bullfrog zombie (D:5)
  A bullfrog skeleton (D:5)
  6 hounds
  6 orc wizards
  4 hell rats
  5 iguanas
  6 worker ants
  13 adders
  5 gnolls
  5 shadow imps
  7 oozes
  2 adder zombies
  2 adder skeletons
  3 worms
  14 leopard geckos
  37 orcs
  10 giant cockroaches
  11 goblins
  14 hobgoblins
  3 jackals
  5 kobolds
  A quokka (shapeshifter) (D:3)
  2 quokkas
  2 ball pythons
  A ball python skeleton (D:4)
  9 bats
  8 frilled lizards
  A quokka skeleton (D:5)
  9 rats
  A butterfly (Lair:2)
  A plant (D:8)
359 creatures vanquished.

Vanquished Creatures (others)
  6 fungi
  6 plants
12 creatures vanquished.

Grand Total: 371 creatures vanquished

Notes
Turn   | Place    | Note
-------+----------+-------------------------------------------
     0 | D:1      | camposddc the Minotaur Fighter began the quest for the Orb.
     0 | D:1      | Reached XP level 1. HP: 19/19 MP: 0/0
   446 | D:1      | Reached skill level 3 in Axes
   446 | D:1      | Reached XP level 2. HP: 22/27 MP: 1/1
   917 | D:2      | Reached XP level 3. HP: 33/33 MP: 2/2
   938 | D:2      | Found a faded altar of an unknown god.
   940 | D:2      | Became a worshipper of Xom of Chaos
   961 | D:2      | XOM: potion effect (berserk rage)
  1090 | D:2      | Reached skill level 4 in Axes
  1248 | D:2      | Reached XP level 4. HP: 40/40 MP: 3/3
  1402 | D:2      | XOM: divination: detect creatures
  1448 | D:2      | XOM: harmless Hex miscast
  1627 | D:2      | XOM: mild Necr miscast
  1738 | D:2      | XOM: medium Chrm miscast
  1890 | D:3      | XOM: summons 2 hostile demons
  2119 | D:3      | Found a sacrificial altar of Ru.
  2137 | D:3      | Reached XP level 5. HP: 47/47 MP: 4/4
  2330 | D:3      | Reached skill level 5 in Axes
  2351 | D:3      | Reached skill level 5 in Armour
  2363 | D:3      | Reached skill level 5 in Fighting
  2668 | D:4      | Noticed an ogre
  2671 | D:3      | Reached XP level 6. HP: 56/56 MP: 5/5
  2683 | D:3      | Reached skill level 6 in Axes
  3006 | D:3      | XOM: polymorph kobold -> river rat
  3012 | D:3      | XOM: polymorph river rat -> hound
  3067 | D:3      | XOM: mild Hex miscast
  3119 | D:3      | Reached XP level 7. HP: 49/62 MP: 6/6
  3127 | D:3      | Reached skill level 7 in Axes
  3175 | D:3      | XOM: medium Tmut miscast
  3432 | D:3      | XOM: stat loss: -1 Dex (11/12)
  3510 | D:3      | XOM: polymorph orc -> gnoll
  3511 | D:3      | XOM: chaos upgrade
  3514 | D:3      | XOM: polymorph orc -> giant cockroach
  3722 | D:3      | XOM is BORED!
  3722 | D:3      | XOM: give mutations
  3722 | D:3      | Gained mutation: You are partially covered in molten scales. (AC +2) [Xom's mischief]
  3722 | D:3      | Gained mutation: Your flesh is cold resistant. (rC+) [Xom's mischief]
  3722 | D:3      | Gained mutation: Scrolls take you a little longer to read. [Xom's mischief]
  3743 | D:4      | Noticed Irenicus's ghost (amateur KoMo)
  3763 | D:4      | Killed Irenicus's ghost
  3788 | D:4      | XOM: give mutations
  3788 | D:4      | Gained mutation: You are clumsy. (Dex -2) [Xom's mischief]
  3788 | D:4      | Lost mutation: Your flesh is cold resistant. (rC+) [Xom's mischief]
  3855 | D:4      | Found a burning altar of Makhleb.
  3855 | D:4      | Found a staircase to the Ecumenical Temple.
  3857 | D:4      | Found an opulent altar of Gozag.
  3857 | D:4      | Found an iron altar of Okawaru.
  3861 | D:4      | Found an ancient bone altar of Kikubaaqudgha.
  3861 | D:4      | Found a basalt altar of Yredelemnul.
  3880 | D:4      | Fell from the grace of Xom
  3880 | D:4      | Became a worshipper of Warmaster Okawaru
  4265 | D:5      | Entered Level 5 of the Dungeon
  4269 | D:5      | Reached skill level 8 in Axes
  4316 | D:5      | Noticed Blork the orc
  4325 | D:5      | Killed Blork the orc
  4399 | D:5      | Reached XP level 8. HP: 62/71 MP: 7/7
  5095 | D:5      | XOM: god gift: 36 gold pieces
  5204 | D:5      | Reached skill level 9 in Axes
  5213 | D:5      | Reached * piety under Okawaru
  5286 | D:6      | Found Bekes's Jewellery Boutique.
  5578 | D:6      | XOM: give mutations
  5578 | D:6      | Gained mutation: You are dopey. (Int -2) [Xom's mischief]
  5578 | D:6      | Gained mutation: You are robust. (+10% HP) [Xom's mischief]
  5761 | D:7      | Reached skill level 10 in Axes
  5790 | D:7      | Reached XP level 9. HP: 89/89 MP: 8/8
  5833 | D:7      | Reached ** piety under Okawaru
  6116 | D:7      | Noticed a deep elf mage
  6133 | D:7      | Killed a deep elf mage
  6133 | D:7      | Reached skill level 11 in Axes
  6197 | D:7      | XOM: medium Conj miscast
  6555 | D:7      | Noticed Menkaure
  6560 | D:7      | Killed Menkaure
  6560 | D:7      | Reached skill level 12 in Axes
  6591 | D:7      | Reached *** piety under Okawaru
  6799 | D:8      | Reached XP level 10. HP: 100/100 MP: 9/9
  6842 | D:8      | Found a staircase to the Lair.
  7015 | D:8      | Reached **** piety under Okawaru
  7044 | D:8      | Reached skill level 10 in Fighting
  7065 | D:8      | Reached skill level 13 in Axes
  7106 | D:8      | Noticed a two-headed ogre
  7467 | D:8      | XOM: mild Erth miscast
  7555 | D:8      | Reached skill level 10 in Armour
  7754 | D:8      | Killed a two-headed ogre
  7886 | Lair:1   | Entered Level 1 of the Lair of Beasts
  7900 | Lair:1   | Lost mutation: Scrolls take you a little longer to read. [potion of mutation]
  7900 | Lair:1   | Lost mutation: You are robust. (+10% HP) [potion of mutation]
  7900 | Lair:1   | Lost mutation: You are partially covered in molten scales. (AC +2) [potion of mutation]
  7900 | Lair:1   | Gained mutation: You have a somewhat thin skeletal structure. (Dex +2, Stealth) [potion of mutation]
  8166 | Lair:1   | Reached ***** piety under Okawaru
  8173 | Lair:1   | Noticed Harold
  8176 | Lair:1   | XOM: confusion (+ monsters)
  8198 | Lair:1   | Killed Harold
  8198 | Lair:1   | Reached skill level 14 in Axes
  8198 | Lair:1   | Reached XP level 11. HP: 56/101 MP: 8/10
  8303 | Lair:1   | XOM: mild Conj miscast
  8361 | Lair:1   | XOM: mild Ice miscast
  8596 | Lair:1   | XOM: medium Air miscast
  8636 | Lair:1   | XOM: medium Hex miscast
  8647 | Lair:1   | Received a gift from Okawaru
  9242 | Lair:2   | XOM: noise
  9338 | Lair:2   | Noticed a six-headed hydra
  9518 | Lair:2   | Reached skill level 15 in Axes
  9839 | Lair:3   | XOM: god gift: pair of gloves {god gift}
 10016 | Lair:3   | Found a staircase to the Swamp.
 10032 | Swamp:1  | Entered Level 1 of the Swamp
 10032 | Swamp:1  | Found a frozen archway.
 10237 | Lair:3   | XOM: medium Necr miscast
 10323 | Lair:3   | XOM: medium Conj miscast
 10435 | Lair:3   | Noticed a lindwurm
 10449 | Lair:3   | Killed a lindwurm
 10575 | Lair:3   | XOM: give mutations
 10575 | Lair:3   | Gained mutation: You occasionally shout uncontrollably at your foes. [Xom's mischief]
 10575 | Lair:3   | Gained mutation: You are weak. (Str -2) [Xom's mischief]
 10575 | Lair:3   | Gained mutation: You are very dopey. (Int -4) [Xom's mischief]
 10575 | Lair:3   | Lost mutation: You are very dopey. (Int -4) [Xom's mischief]
 10639 | Lair:3   | XOM: medium Conj miscast
 10865 | Lair:3   | XOM: medium Necr miscast
 11169 | Lair:4   | Noticed an oklob plant
 11348 | Lair:4   | XOM: noise
 11351 | Lair:4   | Found a staircase to the Snake Pit.
 11354 | Lair:4   | Noticed a six-headed hydra
 11364 | Lair:4   | Killed a six-headed hydra
 11364 | Lair:4   | Reached skill level 1 in Dodging
 11364 | Lair:4   | Reached XP level 12. HP: 93/112 MP: 8/11
 11599 | Lair:4   | XOM: medium Tloc miscast
 11865 | Lair:4   | XOM: give mutations
 11865 | Lair:4   | Gained mutation: Your body sometimes deteriorates upon taking damage. [Xom's mischief]
 11865 | Lair:4   | Lost mutation: You are clumsy. (Dex -2) [Xom's mischief]
 11950 | Lair:4   | XOM: give mutation
 11950 | Lair:4   | Lost mutation: You occasionally shout uncontrollably at your foes. [Xom's mischief]
 12326 | Lair:5   | Noticed a seven-headed hydra
 12339 | Lair:5   | Killed a seven-headed hydra
 12444 | Lair:5   | Noticed Rupert
 12469 | Lair:5   | Killed Rupert
 12469 | Lair:5   | Received a gift from Okawaru
 12469 | Lair:5   | Reached skill level 5 in Maces & Flails
 12469 | Lair:5   | Reached skill level 5 in Shields
 12773 | Lair:5   | Reached skill level 5 in Dodging
 12996 | Lair:5   | Received a gift from Okawaru
 13165 | Lair:5   | XOM: summons 1 hostile shadow creature
 13519 | Lair:5   | XOM: mild Tloc miscast
 13842 | Lair:6   | Entered Level 6 of the Lair of Beasts
 13879 | Lair:6   | Noticed Snorg
 14257 | Lair:5   | Mangled by Snorg

Skill      XL: |  1  2  3  4  5  6  7  8  9 10 11 12 |
---------------+-------------------------------------+-----
Axes           | 3 4 5 6 8 10 12 14 15 | 15.7
Armour         | 4 5 6 7 9 10 12 | 12.0
Fighting       | 4 5 6 7 9 10 12 | 12.0
Maces & Flails | 2 7 |  7.2
Dodging        | 1 6 |  6.9
Shields        | 7 |  7.5

Action                   |  1- 3 |  4- 6 |  7- 9 | 10-12 || total
-------------------------+-------+-------+-------+-------++-------
Melee: War axe           |    99 |   162 |   363 |    99 ||   723
       Headbutt          |    13 |    23 |    72 |   159 ||   267
       Hand axe          |       |       |       |   312 ||   312
       Halberd           |       |       |       |    22 ||    22
       Great mace        |       |       |       |    13 ||    13
       Mace              |       |       |       |   165 ||   165
       Dire flail        |       |       |       |    79 ||    79
Invok: Heroism           |       |       |     4 |    14 ||    18
Evoke: Wand              |       |       |     2 |     9 ||    11
  Use: Scroll            |       |       |     5 |    22 ||    27
       Potion            |       |       |     5 |    12 ||    17
  Eat: Chunk             |     1 |     7 |    13 |    24 ||    45
Armor: Scale mail        |    56 |    73 |    27 |       ||   156
       Plate armour      |       |       |   119 |       ||   119
       Leather armour    |       |       |    12 |    53 ||    65
       Chain mail        |       |       |       |   299 ||   299
       Skin              |       |       |       |    69 ||    69
Dodge: Dodged            |    26 |    62 |    57 |   228 ||   373
Block: Shield            |    57 |   135 |   187 |   350 ||   729
       Reflection        |       |     5 |       |     2 ||     7
       Other             |       |       |       |    22 ||    22
